 Dungeon Crawl Stone Soup version 0.29-a0-668-g12ee2bf84d (webtiles) character file.

Game seed: 10011701250759067678

210 Vylera the Bolt Thrower (level 5, -3/39 HPs)
             Began as a Barachi Hunter on June 23, 2022.
             Was a Priest of Elyvilon.
             Slain by a river rat (5 damage)
             ... summoned by DocClef's ghost
             ... on level 3 of the Dungeon.
             The game lasted 00:06:27 (2938 turns).

Vylera the Bolt Thrower (Barachi Hunter)            Turns: 2938, Time: 00:06:28

Health: -3/39      AC:  6    Str: 12    XL:     5   Next: 87%
Magic:  5/5        EV: 12    Int: 10    God:    Elyvilon [***...]
Gold:   110        SH:  5    Dex: 17    Spells: 4/4 levels left

rFire   . . .      SeeInvis .   a - +1 hand crossbow
rCold   . . .      Faith    .   (no shield)
rNeg    + . .      Spirit   .   b - +0 leather armour
rPois   .          Reflect  +   (no helmet)
rElec   .          Harm     .   t - +0 cloak
rCorr   .          Rampage  .   f - +0 pair of gloves
Will    +....                   h - +0 pair of boots
Stlth   ++........              i - amulet of reflection
HPRegen 0.13/turn               g - ring of positive energy
MPRegen 0.09/turn               o - ring of willpower

@: mighty, slow
A: amphibious, slowness 1, strong legs 1, +LOS
a: Hop, Renounce Religion, Purification, Heal Other, Heal Self


You were on level 3 of the Dungeon.
You worshipped Elyvilon.
Elyvilon was most pleased with you.
You visited 1 branch of the dungeon, and saw 3 of its levels.

You collected 110 gold pieces.

Inventory:

Hand Weapons
 a - a +1 hand crossbow (weapon)
Missiles
 e - 7 poisoned darts
Armour
 b - a +0 leather armour (worn)
 f - a +0 pair of gloves (worn)
 h - a +0 pair of boots (worn)
 t - a +0 cloak (worn)
Jewellery
 g - a ring of positive energy (left hand)
 i - an amulet of reflection (around neck)
 l - a ring of flight
 o - a ring of willpower (right hand)
Scrolls
 c - 2 scrolls of immolation
 d - 6 scrolls of identify {unknown}
 j - a scroll of teleportation {unknown}
 n - a scroll of noise {unknown}
Potions
 k - a potion of curing
 m - a potion of lignification {unknown}
 p - a potion of flight {unknown}
 q - a potion of might
 r - a potion of cancellation {unknown}
 s - a potion of haste {unknown}
 u - a potion of mutation {unknown}


   Skills:
 - Level 2.4 Fighting
 + Level 6.9 Crossbows
 - Level 2.1 Dodging
 - Level 0.8 Stealth


You had 4 spell levels left.
You didn't know any spells.
Your spell library contained the following spells:

 Spells                   Type           Power      Damage    Failure   Level
 Ensorcelled Hibernation  Hex/Ice        0%         N/A       58%         2
 Passwall                 Tmut/Erth      0%         N/A       58%         2
 Stone Arrow              Conj/Erth      0%         3d7       82%         3
 Swiftness                Air            0%         N/A       82%         3
 Tukima's Dance           Hex            0%         N/A       82%         3
 Animate Armour           Summ/Erth      0%         N/A       99%         4
 Passage of Golubria      Tloc           0%         N/A       99%         4
 Yara's Violent Unravell  Hex/Tmut       0%         3d3       100%        5
 Lehudib's Crystal Spear  Conj/Erth      0%         10d2      100%        8


Dungeon Overview and Level Annotations

Branches:
Dungeon (3/15)

Altars:
Dithmenos
Elyvilon

Annotations:
D:3 1 runed translucent door, Crazy Yiuf; DocClef's ghost, amateur TeSu


Innate Abilities, Weirdness & Mutations

You are amphibious.
You cover ground slowly.
You can hop short distances.
You have an extended range of vision and can be seen from far away.


Message History

You shoot a bolt. The bolt hits DocClef's ghost.
DocClef's ghost is severely damaged.
The bat closely misses you. You block the bat's attack. The quokka bites you.
* * * LOW HITPOINT WARNING * * *
DocClef's ghost hits you.
* * * LOW HITPOINT WARNING * * *
You block the river rat's attack. The river rat barely misses you.
The quokka barely misses you.
Unknown command.
It was a potion of curing.
You feel better. The bat barely misses you. DocClef's ghost hits you.
The river rat bites you. The river rat closely misses you.
The quokka barely misses you.
Shoot: a) +1 hand crossbow
Press: ? - help, Q - select action, (/) - cycle Shift-Dir - straight line, f/p - DocClef's ghost
Aim: DocClef's ghost (severely damaged, 60% to hit)
You shoot a bolt. The bolt barely misses DocClef's ghost.
The bolt closely misses the bat.
The bat hits you. You block the quokka's attack.
You block DocClef's ghost's attack. The river rat bites you.
* * * LOW HITPOINT WARNING * * *
The river rat closely misses you.
Unknown command.
Shoot: a) +1 hand crossbow
Press: ? - help, Q - select action, (/) - cycle Shift-Dir - straight line, f/p - DocClef's ghost
Aim: DocClef's ghost (severely damaged, 60% to hit)
You shoot a bolt. The bolt barely misses DocClef's ghost.
The bat hits you.
* * * LOW HITPOINT WARNING * * *
The bat hits you but does no damage. The quokka bites you.
* * * LOW HITPOINT WARNING * * *
DocClef's ghost closely misses you. The river rat barely misses you.
The river rat bites you.
* * * LOW HITPOINT WARNING * * *
The bat hits you but does no damage. The quokka closely misses you.
DocClef's ghost hits you but does no damage.
It was a potion of might.
You feel very mighty all of a sudden.
The bat hits you but does no damage. x2; You block the river rat's attack.
The river rat bites you.
You die...

#.#.#.###.......#........###
#...............).......##
###..###.#########.....##
###..###÷##### ###.###
#............# ##.######
#.#.......##.# #.......##
#.#........#.# #..####.#.
#.#........rr######.....#.#.
#.#.......b@r...............
#.#..####'W########.#...#.#.
#....##..≈..≈≈# #.##.##>#.
######≈.8.#..## #.......#.
#≈#..[.≈# #####.####
##≈.(≈.#.# #.# ###.#.### #.#
##### #.# #.#


You could see DocClef's ghost, 2 river rats, a quokka (summoned) and a bat
(summoned).

Vanquished Creatures
  Natasha (thrice) (D:3)
  5 adders
  3 worms
  3 dart slugs
  2 orcs (D:3)
  5 endoplasms
  3 giant cockroaches
  8 hobgoblins
  3 jackals (D:2)
  6 quokkas
  3 ball pythons
  4 bats
  5 frilled lizards
  8 goblins
  9 kobolds
  6 rats
76 creatures vanquished.

Vanquished Creatures (others)
  A demonic plant (D:1)
1 creature vanquished.

Grand Total: 77 creatures vanquished

Notes
Turn   | Place    | Note
-------+----------+-------------------------------------------
     0 | D:1      | Vylera the Barachi Hunter began the quest for the Orb.
     0 | D:1      | Reached XP level 1. HP: 17/17 MP: 1/1
    91 | D:1      | Reached XP level 2. HP: 11/23 MP: 2/2
   367 | D:1      | Found a faded altar of an unknown god.
   383 | D:1      | Prayed at the altar of an unknown god.
   383 | D:1      | Became a worshipper of Elyvilon the Healer
   383 | D:1      | Reached * piety under Elyvilon
   960 | D:2      | Reached ** piety under Elyvilon
   966 | D:2      | Reached XP level 3. HP: 25/28 MP: 3/3
   971 | D:2      | Reached skill level 5 in Crossbows
  1194 | D:2      | Reached XP level 4. HP: 34/34 MP: 4/4
  2246 | D:3      | Reached skill level 6 in Crossbows
  2290 | D:3      | Found a shadowy altar of Dithmenos.
  2413 | D:3      | Reached XP level 5. HP: 37/39 MP: 5/5
  2428 | D:3      | Reached *** piety under Elyvilon
  2439 | D:3      | Found a runed translucent door.
  2440 | D:3      | Noticed Crazy Yiuf
  2628 | D:3      | Noticed Natasha
  2631 | D:3      | Found a large runed translucent door.
  2631 | D:3      | Found a large runed translucent door.
  2634 | D:3      | Killed Natasha
  2637 | D:3      | Noticed DocClef's ghost (amateur TeSu)
  2709 | D:3      | Noticed Natasha
  2714 | D:3      | Killed Natasha
  2768 | D:3      | Noticed Natasha
  2772 | D:3      | Killed Natasha
  2938 | D:3      | Slain by a river rat

Illustrated notes

Levels and vault maps discovered:
D:1:      dpeg_arrival_short_road, layout_basic, shapermc_ecumenical_altar_gd
D:2:      layout_basic, lemuel_flame_loot_1
D:3:      cheibrodos_helix_gallery, layout_loops_cross,
          mainiacjoe_overflow_tiny_flanked, ebering_ghost_disaster_area,
          uniq_natasha, uniq_crazy_yiuf_cottage

Skill      XL: |  1  2  3  4 |
---------------+-------------+-----
Crossbows      | 5 6 |  6.9
Fighting       | |  2.4
Dodging        | |  2.1
Stealth        | |  0.8

Action                   |  1- 3 |  4- 6 || total
-------------------------+-------+-------++-------
 Fire: Hand crossbow     |    97 |   148 ||   245
  Use: Potion            |       |     2 ||     2
Armor: Leather armour    |    14 |    36 ||    50
Dodge: Dodged            |    23 |    84 ||   107
Block: Other             |     2 |    38 ||    40

Table legend: (Time is in decaauts)
 A = Elapsed time spent in this place.
 B = Non-inter-level travel time spent in this place.
 C = Inter-level travel time spent in this place.
 D = Time resting spent in this place.
 E = Time spent auto-exploring this place.
 F = Levels seen in this place.
 G = Mean time per level.
                   A        B        C        D        E       F      G
               +--------+--------+--------+--------+--------+-----+--------+
         Total |   3343 |   3222 |    121 |    213 |   2460 |   3 | 1114.3 |
       Dungeon |   3343 |   3222 |    121 |    213 |   2460 |   3 | 1114.3 |
               +--------+--------+--------+--------+--------+-----+--------+

Top non-repeatable levels by time:
     D:2: 1222 daAuts
     D:1: 1092 daAuts
     D:3: 1028 daAuts
